 Dungeon Crawl Stone Soup version 0.20-a0-495-g2241292 (webtiles) character file.

3358 Duffy the Cleaver (level 10, 0/84 HPs)
             Began as a Naga Fighter on Jan 18, 2017.
             Was a Priest of Cheibriados.
             Splashed by Erica's acid (13 damage)
             ... on level 8 of the Dungeon.
             The game lasted 00:14:24 (10570 turns).

Duffy the Cleaver (Naga Fighter)                   Turns: 10570, Time: 00:14:25

Health: 0/84       AC:  4    Str: 28    XL:     10   Next: 3%
Magic:  14/14      EV:  4    Int: 16    God:    Cheibriados [***...]
Gold:   372        SH: 14    Dex: 18    Spells: 9/9 levels left

rFire    . . .     SeeInvis +   a - +0 war axe
rCold    . . .     Gourm    .   g - +0 plate armour
rNeg     . . .     Faith    .   m - +2 shield
rPois    +         Spirit   .   b - +0 helmet
rElec    .         Reflect  .   h - +1 cloak {+Inv}
rCorr    .         Harm     .   (no gloves)
MR       +....                  (no barding)
Stlth    ..........             (no amulet)
Regen    0.3/turn               (no ring)
                                (no ring)

@: corroded, very slightly contaminated, slowed, invisible, very slow
A: see invisible, deformed body, poison resistance, slowness 2, slow metabolism
1, spit poison 1, AC +3
a: Spit Poison, Bend Time, Temporal Distortion, Renounce Religion, Turn Visible


You were on level 8 of the Dungeon.
You worshipped Cheibriados.
Cheibriados was most pleased with you.
You were hungry.

You visited 1 branch of the dungeon, and saw 8 of its levels.

You collected 372 gold pieces.

Inventory:

Hand Weapons
 a - a +0 war axe (weapon)
 A - a +1 falchion of flaming
Armour
 b - a +0 helmet (worn)
 g - a +0 plate armour (worn)
 h - a +1 cloak of invisibility (worn)
 m - a +2 shield (worn)
 p - a +1 ring mail of cold resistance
Wands
 l - a wand of iceblast (7/15)
 q - a wand of confusion (15/48)
 s - a wand of polymorph (0/24)
 t - a wand of disintegration (13/24)
Scrolls
 c - a scroll of magic mapping
 j - 4 scrolls of remove curse
 k - 4 scrolls of fog
 r - a scroll of amnesia {unknown}
 u - 2 scrolls of teleportation
 w - a scroll of blinking
 y - a scroll of enchant armour
 z - a scroll of fear {unknown}
Potions
 d - 6 potions of might
 e - 2 potions of curing
 i - a potion of cancellation
 n - a potion of flight
 x - 2 potions of agility
 B - a potion of heal wounds
Comestibles
 f - 3 bread rations
 o - a chunk of flesh
 v - 2 meat rations


   Skills:
 - Level 3.0 Fighting
 + Level 8.7 Axes
 - Level 2.4 Armour
 + Level 8.1 Shields
 - Level 6.0 Evocations


You had 9 spell levels left.
You didn't know any spells.

Dungeon Overview and Level Annotations

Branches:
Dungeon (8/15)             Temple (0/1) D:6
   Lair: D:8-11

Altars:
Cheibriados
Dithmenos
Elyvilon
Hepliaklqana
Kikubaaqudgha
Makhleb
Ru
Trog
Zin
The Shining One

Shops:
D:4 (   D:5 [

Annotations:
D:8 Erica


Innate Abilities, Weirdness & Mutations

You cannot wear boots.
Your serpentine skin is tough. (AC +3)
You have supernaturally acute eyesight. (SInv)
Armour fits poorly on your strangely shaped body.
Your system is resistant to poisons. (rPois)
You cover ground very slowly.
You have a slow metabolism.
You can spit poison.


Message History

Evoking this partially-identified wand wasted a few charges.
Erica zaps a wand.
The bolt of acid hits you! The acid corrodes you!
You are splashed with acid!
The acid burns!
You feel much better. Erica casts a spell at you.
You feel yourself slow down.
You hit Erica.
Erica is moderately wounded.
You block Erica's attack.
You closely miss Erica.
Erica is moderately wounded.
Erica hits you with a scimitar of flaming!
Erica burns you.
You closely miss Erica.
Erica is moderately wounded.
Erica gestures at you while chanting. The bolt of poison hits you! You resist.
Erica zaps a wand.
The bolt of acid hits you! The acid corrodes you!
You are splashed with acid!
The acid burns!
You die...

....#.. ##.....## ..###.......#
....._..._.## .. ..#.........#
.... #.#(_..}....#
....###.#......@..####
........##....._@##..###
.....##......_.........####
....##.............##.)...#######
....[..##.....#.########.........
..##..###..###### ##########
..........## .#...##...#
....##.....# ....>.....#.#


You could see Erica (invisible).

Vanquished Creatures
  Grinder (D:3)
  A hippogriff (D:7)
  Eustachio (D:6)
  Duvessa (D:4)
  2 orc warriors (D:7)
  A sky beast (D:6)
  A phantom (D:7)
  3 centaurs
  4 bullfrogs
  Dowan (D:4)
  A water moccasin zombie (D:8)
  A scorpion (D:6)
  13 killer bees
  A howler monkey (D:5)
  4 crimson imps
  3 centaur zombies
  3 orc priests
  A gnoll shaman (D:4)
  A hound (D:7)
  A quasit (D:5)
  A bullfrog skeleton (D:6)
  2 jellies
  Crazy Yiuf (D:7)
  2 centaur skeletons
  2 iguanas
  3 orc wizards
  3 worker ants
  Robin (D:3)
  5 gnolls
  11 adders
  4 shadow imps
  3 adder skeletons
  4 worms
  2 leopard geckos (D:2)
  32 orcs
  6 giant cockroaches
  18 goblins
  9 hobgoblins
  10 jackals
  9 kobolds
  4 quokkas
  10 bats
  9 frilled lizards
  A leopard gecko zombie (D:5)
  A quokka zombie (D:6)
  4 rats
  A fungus (D:7)
203 creatures vanquished.

Notes
Turn   | Place    | Note
-------+----------+-------------------------------------------
     0 | D:1      | Duffy the Naga Fighter began the quest for the Orb.
     0 | D:1      | Reached XP level 1. HP: 21/21 MP: 1/1
   114 | D:1      | Reached XP level 2. HP: 25/28 MP: 2/2
   749 | D:2      | Reached XP level 3. HP: 27/34 MP: 3/3
  1386 | D:2      | Reached XP level 4. HP: 37/42 MP: 4/4
  2181 | D:3      | Reached XP level 5. HP: 45/49 MP: 5/5
  2705 | D:3      | Noticed Robin
  2794 | D:3      | Killed Robin
  2869 | D:3      | Found a white marble altar of Elyvilon.
  3071 | D:3      | Noticed Grinder
  3406 | D:2      | Reached XP level 6. HP: 51/56 MP: 6/6
  5252 | D:4      | Found a snail-covered altar of Cheibriados.
  5257 | D:4      | Became a worshipper of Cheibriados the Contemplative
  5326 | D:4      | Found Luumul's Antique Weapon Shop.
  5450 | D:4      | Noticed Duvessa
  5451 | D:4      | Noticed Dowan
  5473 | D:4      | Killed Duvessa
  5473 | D:4      | Reached skill level 5 in Axes
  5489 | D:4      | Killed Dowan
  5489 | D:4      | Reached XP level 7. HP: 22/62 MP: 7/7
  5958 | D:3      | Killed Grinder
  5958 | D:3      | Reached skill level 5 in Shields
  6261 | D:5      | Entered Level 5 of the Dungeon
  6261 | D:5      | Found Lirchuxi's Antique Armour Emporium.
  6300 | D:4      | Reached skill level 1 in Evocations
  6726 | D:5      | Reached * piety under Cheibriados
  6839 | D:5      | Reached XP level 8. HP: 60/69 MP: 9/9
  7086 | D:5      | Found a sacrificial altar of Ru.
  7138 | D:5      | Found a glowing golden altar of the Shining One.
  7145 | D:5      | Found a burning altar of Makhleb.
  7856 | D:6      | Found a staircase to the Ecumenical Temple.
  8124 | D:6      | Noticed Eustachio
  8148 | D:6      | Killed Eustachio
  8278 | D:6      | Reached ** piety under Cheibriados
  8472 | D:6      | Reached XP level 9. HP: 73/75 MP: 12/12
  8901 | D:7      | Reached skill level 5 in Evocations
  9054 | D:7      | Was placed under penance by Cheibriados
  9058 | D:7      | Was forgiven by Cheibriados
  9082 | D:6      | HP: 3/75 [killer bee (8)]
  9639 | D:7      | Found a runed door.
  9643 | D:7      | Noticed Crazy Yiuf
  9649 | D:7      | Killed Crazy Yiuf
 10171 | D:7      | Reached *** piety under Cheibriados
 10386 | D:7      | Reached XP level 10. HP: 64/84 MP: 12/14
 10524 | D:8      | Found a hazy altar of Hepliaklqana.
 10526 | D:8      | Found a bloodstained altar of Trog.
 10526 | D:8      | Found an ancient bone altar of Kikubaaqudgha.
 10527 | D:8      | Found a shadowy altar of Dithmenos.
 10527 | D:8      | Found a glowing silver altar of Zin.
 10556 | D:8      | Noticed Erica
 10570 | D:8      | Splashed by Erica's acid

Vault maps used:
D:1:      kennysheep_arrival_forest
D:2:      serial_forest, infiniplex_forest_3_way, infiniplex_forest_end_3,
          infiniplex_forest_clump_C, infiniplex_forest_end_2,
          infiniplex_forest_end_double, infiniplex_forest_corner_2, st_stairs_6
D:3:      elyvilon_altar_5, uniq_robin, uniq_grinder
D:4:      lemuel_doored_altar, first_bread, serial_shops,
          nicolae_shop_waterfront, uniq_duvessa
D:5:      minitemple, kennysheep_mini, serial_shops, shop
D:6:      uniq_eustachio
D:7:      cheibrodos_helix_gallery, serial_glass, glass_columns_a,
          glass_columns_c, glass_columns_a, glass_columns_b, glass_columns_a,
          glass_columns_a, glass_columns_b, glass_columns_b,
          uniq_crazy_yiuf_cottage
D:8:      old_forge, grunt_temple_overflow_open, uniq_erica

Skill      XL: |  1  2  3  4  5  6  7  8  9 |
---------------+----------------------------+-----
Axes           | 3 4 5 7 8 |  8.7
Shields        | 3 4 5 6 8 |  8.1
Evocations     | 2 4 6 |  6.0
Fighting       | |  3.0
Armour         | |  2.4

Action                   |  1- 3 |  4- 6 |  7- 9 | 10-12 || total
-------------------------+-------+-------+-------+-------++-------
Melee: War axe           |    85 |   265 |   360 |    16 ||   726
 Abil: Spit Poison       |    11 |    36 |    44 |     1 ||    92
       Evoke Invisibilit |       |       |     1 |     1 ||     2
       Turn Visible      |       |       |       |     1 ||     1
Evoke: Wand              |       |       |     8 |     1 ||     9
  Use: Scroll            |       |     8 |     7 |       ||    15
       Potion            |       |     1 |     3 |     2 ||     6
 Stab: Confused          |       |       |     1 |       ||     1
       Invisible         |       |       |     2 |       ||     2
  Eat: Chunk             |     1 |    11 |     7 |     1 ||    20
       Fruit             |       |     2 |       |       ||     2
       Beef jerky        |       |       |     1 |       ||     1
       Bread ration      |       |       |     1 |       ||     1
Armor: Scale mail        |    42 |    19 |       |       ||    61
       Chain mail        |       |   131 |       |       ||   131
       Ring mail         |       |       |   100 |       ||   100
       Plate armour      |       |       |    21 |     5 ||    26
Dodge: Dodged            |    26 |    37 |    96 |     5 ||   164
Block: Shield            |    61 |   169 |   309 |    11 ||   550
